 Dungeon Crawl Stone Soup version 0.26-a0-597-gb535b0901c (webtiles) character file.

Game seed: 2182697990880749399

26 Lanoc the Sneak (level 3, -3/20 HPs)
             Began as a Vine Stalker Delver on Sept 13, 2020.
             Slain by a worker ant (4 damage)
             ... on level 4 of the Dungeon.
             The game lasted 00:00:48 (123 turns).

Lanoc the Sneak (Vine Stalker Delver)                Turns: 123, Time: 00:00:49

Health: -3/20      AC:  5    Str: 14    XL:     3   Next: 8%
Magic:  0/4        EV: 12    Int: 10    God:
Gold:   7          SH:  0    Dex: 16    Spells: 2/2 levels left

rFire    . . .     SeeInvis .   a - +0 falchion
rCold    . . .     Faith    .   (no shield)
rNeg     . . .     Spirit   +   b - +0 leather armour
rPois    .         Reflect  .   (no helmet)
rElec    +         Harm     .   (no cloak)
rCorr    .                      i - +1 pair of gloves of Vuetaor {rElec}
MR       .....                  (no boots)
Stlth    +++.......             (no amulet)
HPRegen  0.06/turn              (no ring)
MPRegen  0.09/turn              (no ring)

@: no status effects
A: fangs 2, magic shield, antimagic bite, no potion heal 3, rot immunity
a: no special abilities


You were on level 4 of the Dungeon.
You visited 1 branch of the dungeon, and saw 2 of its levels.

You collected 7 gold pieces.

Inventory:

Hand Weapons
 a - a +0 falchion (weapon)
Armour
 b - a +0 leather armour (worn)
 i - the +1 pair of gloves of Vuetaor (worn) {rElec}
   (You found it on level 5 of the Dungeon)

   It insulates you from electricity.
Wands
 g - a wand of digging (3)
Scrolls
 c - a scroll of fog
 e - a scroll of fear
 h - a scroll of enchant weapon {unknown}
Potions
 f - a potion of haste


   Skills:
 + Level 3.2 Fighting
 - Level 1.7 Long Blades
 + Level 2.3 Dodging
 - Level 6.0 Stealth


You had 2 spell levels left.
You didn't know any spells.
Your spell library was empty.

Dungeon Overview and Level Annotations

Branches:
Dungeon (5/15)
 Temple: D:4-7

Altars:


Innate Abilities, Weirdness & Mutations

You have extremely sharp teeth.
When hurt, damage is shared between your health and your magic reserves.
Your bite disrupts and absorbs the magic of your enemies.
Potions cannot restore your health.
You are immune to rotting.


Message History

You slash the worker ant! Your bite misses the worker ant.
The worker ant is heavily wounded.
The worker ant bites you. The worker ant misses you.
You completely miss the worker ant.
The worker ant is heavily wounded.
The worker ant bites you.
* * * LOW HITPOINT WARNING * * *
You hit the worker ant but do no damage.
The worker ant is heavily wounded.
The worker ant bites you.
* * * LOW HITPOINT WARNING * * *
The worker ant closely misses you.
You hit the worker ant.
You bite the worker ant, but do no damage.
The worker ant is severely wounded.
The worker ant bites you but does no damage.
You barely miss the worker ant. Your bite misses the worker ant.
The worker ant is severely wounded.
The worker ant closely misses you. The worker ant bites you.
You die...

,,,,,,* *,**,,,,,,,* *,*
,,,,,,* *,,,,,,,,,<* *,*
,,,,,,* ****,,,,,,,*##*,****
,,,,,,* *,,,,,,,*a.,,,,,*
,,***,* *,,,,,,,*.#*,**,*
*** *,* *********.#*,**,*
*,****** *.#*,,*,*
*,,,,,,*########.#**,*,*
**********,*#...@a...#**,*,*
,,,* **,*#.#####....$...*
**,* *,,,*,****#.####.##*
**,**** *,,,,,,,,,...,,,,*
,,,,,,* *,,,*,****#.##****
**,**,* *****,****#.#
**,**,* *,<,,,..# ,>,**,*
******### *****,*


You could see a worker ant.

Vanquished Creatures
  A hound zombie (D:5)
  An adder (D:5)
  2 jackals (D:4)
4 creatures vanquished.

Notes
Turn   | Place    | Note
-------+----------+-------------------------------------------
     0 | D:5      | Lanoc the Vine Stalker Delver began the quest for the Orb.
     0 | D:5      | Reached XP level 1. HP: 11/11 MP: 2/2
    22 | D:5      | Got a pair of scorched gloves
    27 | D:5      | Identified the +1 pair of gloves of Vuetaor {rElec} (You
                  | found it on level 5 of the Dungeon)
    33 | D:5      | Reached XP level 2. HP: 8/16 MP: 3/3
    37 | D:5      | Noticed a scorpion
    97 | D:5      | Reached XP level 3. HP: 14/20 MP: 4/4
   121 | D:4      | HP: 1/20 [worker ant (5)]
   123 | D:4      | Slain by a worker ant

Illustrated notes

Levels and vault maps discovered:
D:4:      layout_loops_cross, dancing_weapons_uskayaw,
          nicolae_ossuary_entry_plus, serial_shops, kennysheep_little_box,
          uniq_menkaure
D:5:      layout_basic, kennysheep_mini, serial_shops, nicolae_shop_statue_plus,
          shop_statue, uniq_pikel, uniq_blork_the_orc

Skill      XL: |  1 |
---------------+----+-----
Fighting       | 3 |  3.2
Dodging        | 2 |  2.3
Long Blades    | |  1.7
Stealth        | |  6.0

Action                   || total
-------------------------++-------
Melee: Falchion          ||    22
       Bite              ||    11
  Use: Scroll            ||     1
 Stab: Sleeping          ||     1
Armor: Leather armour    ||     8
Dodge: Dodged            ||    17
       Rpst.: Falchion   ||     2

Table legend: (Time is in decaauts)
 A = Elapsed time spent in this place.
 B = Non-inter-level travel time spent in this place.
 C = Inter-level travel time spent in this place.
 D = Time resting spent in this place.
 E = Time spent auto-exploring this place.
 F = Levels seen in this place.
 G = Mean time per level.
                   A        B        C        D        E       F      G
               +--------+--------+--------+--------+--------+-----+--------+
         Total |    127 |    127 |      0 |      0 |     14 |   2 |   63.5 |
       Dungeon |    127 |    127 |      0 |      0 |     14 |   2 |   63.5 |
               +--------+--------+--------+--------+--------+-----+--------+

Top non-repeatable levels by time:
     D:5: 107 daAuts
     D:4: 19 daAuts
